 Dungeon Crawl Stone Soup version 0.26-a0-540-g8a0c9464d7 (webtiles) character file.

Game seed: 18302023331268691331

33 Ewyn99 the Firebug (level 3, 0/26 HPs)
             Began as a Draconian Fire Elementalist on Aug 22, 2020.
             Succumbed to an adder's poison
             ... on level 2 of the Dungeon.
             The game lasted 00:10:56 (1907 turns).

Ewyn99 the Firebug (Draconian Fire Elementalist)    Turns: 1907, Time: 00:10:56

Health: 0/26       AC:  6    Str: 10    XL:     3   Next: 12%
Magic:  6/6        EV: 12    Int: 16    God:
Gold:   52         SH:  0    Dex: 11    Spells: 5/6 levels left

rFire    . . .     SeeInvis .   b - +0 club
rCold    . . .     Faith    .   (no shield)
rNeg     . . .     Spirit   .   (armour unavailable)
rPois    .         Reflect  .   (helmet restricted)
rElec    .         Harm     .   (no cloak)
rCorr    .                      h - +0 pair of gloves
MR       .....                  (no boots)
Stlth    ++........             (no amulet)
HPRegen  0.08/turn              (no ring)
MPRegen  0.10/turn              (no ring)

@: lethally poisoned (0 -> -12), flying
A: unfitting armour, cold-blooded, AC +5
a: no special abilities


You were on level 2 of the Dungeon.
You visited 1 branch of the dungeon, and saw 2 of its levels.

You collected 52 gold pieces.

Inventory:

Hand Weapons
 b - a +0 club (weapon)
 d - a +0 club
 i - a +0 whip
 j - a +0 club
Missiles
 a - 3 boomerangs (quivered)
 e - 8 bolts
Armour
 h - a +0 pair of gloves (worn)
 n - a +0 robe
Scrolls
 c - 3 scrolls of blinking
 g - a scroll of remove curse
Potions
 l - 2 potions of curing {unknown}
 m - a potion of brilliance {unknown}


   Skills:
 + Level 0.3 Maces & Flails
 + Level 1.0 Throwing
 + Level 2.3 Dodging
 + Level 1.8 Stealth
 + Level 2.1 Spellcasting
 + Level 1.0 Conjurations
 + Level 3.3 Fire Magic


You had 5 spell levels left.
You knew the following spells:

 Your Spells              Type           Power        Failure   Level
a - Foxfire               Conj/Fire      #...         9%          1

Your spell library contained the following spells:

 Spells                   Type           Power        Failure   Level
 Conjure Flame            Conj/Fire      #.......     26%         3
 Inner Flame              Hex/Fire       #.......     30%         3
 Sticky Flame             Conj/Fire      #.......     63%         4
 Fireball                 Conj/Fire      #.........   93%         5


Dungeon Overview and Level Annotations

Branches:
Dungeon (2/15)

Altars:


Innate Abilities, Weirdness & Mutations

Your plain brown scales are hard. (AC +5)
You cannot fit into any form of body armour.
You are cold-blooded and may be slowed by cold attacks.


Message History

The adder poisons you!
* * * LOW HITPOINT WARNING * * *
You feel sick. The adder bites you.
* * * LOW HITPOINT WARNING * * *
You are more poisoned.
The adder poisons you!
As you read the scroll labeled FIYXUMN BEDESEORI, it crumbles to dust.
You feel blessed for a moment.
It was a scroll of remove curse.
Your surroundings suddenly seem different.
* * * LOW HITPOINT WARNING * * *
You feel sick.
There is a lethal amount of poison in your body!
There is a lethal amount of poison in your body!
There is a lethal amount of poison in your body!
None of your equipped items are cursed.
There is a lethal amount of poison in your body!
It was a potion of flight.
You feel very buoyant.
You fly up into the air.
You die...

########)............
##.....##......###..
#...................
.
######.........###..
.. ########......#
... #.............#
.... #.######......#
..... #.#
###......###...###
#.#
#.........@.......
#.#
#........###.<.###
#.####.......####...#
#.#..'..............#
#.#.##...#######... #
##.#.##...# #
#....##...#
###########


There were no monsters in sight!

Vanquished Creatures
  An adder (D:2)
  A dart slug (D:1)
  A leopard gecko (D:1)
  A giant cockroach (D:2)
  2 goblins (D:1)
  3 hobgoblins
  A ball python (D:1)
  3 bats (D:1)
  5 frilled lizards
  5 kobolds (D:1)
23 creatures vanquished.

Vanquished Creatures (others)
  14 foxfires
14 creatures vanquished.

Grand Total: 37 creatures vanquished

Notes
Turn   | Place    | Note
-------+----------+-------------------------------------------
     0 | D:1      | Ewyn99 the Draconian Fire Elementalist began the quest for
                  | the Orb.
     0 | D:1      | Reached XP level 1. HP: 14/14 MP: 3/3
   678 | D:1      | Reached XP level 2. HP: 20/20 MP: 3/5
  1472 | D:2      | Reached skill level 1 in Throwing
  1472 | D:2      | Reached XP level 3. HP: 11/26 MP: 6/6
  1905 | D:2      | HP: 1/26 [adder (2)]
  1907 | D:2      | Succumbed to an adder's poison

Illustrated notes

Levels and vault maps discovered:
D:1:      nicolae_arrival_memento_mori, layout_loops_ring,
          grunt_decor_one_mirror, minmay_misc_feat_room
D:2:      kennysheep_six_static_rooms, layout_basic, old_standard_altar,
          chequers_ecumenical_altar_lobes, minmay_pentomino_v4, uniq_sigmund

Skill      XL: |  1  2 |
---------------+-------+-----
Dodging        | 2 |  2.3
Throwing       | 1 |  1.0
Maces & Flails | |  0.3
Stealth        | |  1.8
Spellcasting   | |  2.1
Conjurations   | |  1.0
Fire Magic     | |  3.3

Action                   || total
-------------------------++-------
Melee: Club              ||    52
       Unarmed           ||     5
Throw: Boomerang         ||    46
 Cast: Foxfire           ||     8
  Use: Scroll            ||     3
       Potion            ||     1
 Stab: Sleeping          ||     1
Armor: Skin              ||    44
Dodge: Dodged            ||    77

Table legend: (Time is in decaauts)
 A = Elapsed time spent in this place.
 B = Non-inter-level travel time spent in this place.
 C = Inter-level travel time spent in this place.
 D = Time resting spent in this place.
 E = Time spent auto-exploring this place.
 F = Levels seen in this place.
 G = Mean time per level.
                   A        B        C        D        E       F      G
               +--------+--------+--------+--------+--------+-----+--------+
         Total |   1933 |   1933 |      0 |    680 |    490 |   2 |  966.5 |
       Dungeon |   1933 |   1933 |      0 |    680 |    490 |   2 |  966.5 |
               +--------+--------+--------+--------+--------+-----+--------+

Top non-repeatable levels by time:
     D:1: 1445 daAuts
     D:2: 488 daAuts
